 Dungeon Crawl Stone Soup version 0.29.0-4-gdea44cf6ec (webtiles) character file.

Game seed: 2239928643290529709

2 qw the Sneak (level 1, 0/10 HPs)
             Began as a Felid Delver on Aug 27, 2022.
             Succumbed to an adder's poison
             ... on level 3 of the Dungeon.
             The game lasted 00:00:01 (211 turns).

qw the Sneak (Felid Delver)                          Turns: 211, Time: 00:00:01

Health: 0/10       AC:  1    Str:  8    XL:     1   Next: 33%
Magic:  2/2        EV: 17    Int: 11    God:
Gold:   7          SH:  0    Dex: 17    Spells: 0/0 levels left
                                        Lives:  0   Deaths: 0

rFire   . . .      SeeInvis +     - Unarmed
rCold   . . .      Faith    .   (shield unavailable)
rNeg    . . .      Spirit   .   (body armour unavailable)
rPois   .          Reflect  .   (helmet unavailable)
rElec   .          Harm     .   (cloak unavailable)
rCorr   .          Rampage  .   (gloves unavailable)
Will    .....                   (boots unavailable)
Stlth   +++.......              (no amulet)
HPRegen 0.03/turn               (no ring)
MPRegen 0.08/turn               (no ring)

@: lethally poisoned (0 -> -1), quick
A: very small, claws 1, fangs 3, see invisible, speed 1, shaggy fur 1, stealthy
paws, no weapons or thrown items, no armour, multi-lived
a: no special abilities


You were on level 3 of the Dungeon.
You visited 1 branch of the dungeon, and saw 3 of its levels.

You collected 7 gold pieces.


Innate Abilities, Weirdness & Mutations

You have sharp claws.
You have razor-sharp teeth.
You have supernaturally acute eyesight. (SInv)
You cover ground quickly. (Speed+)
You are covered in fur. (AC +1)
Your paws help you pounce on unaware monsters.
You are incapable of wielding weapons or throwing items.
You cannot wear armour.
You gain extra lives every three experience levels.


   Skills:
 - Level 3.0 Fighting
 - Level 2.6 Dodging
 - Level 6.6 Stealth
 + Level 2.2 Unarmed Combat


You couldn't memorise any spells.
You didn't know any spells.
Your spell library was empty.

Inventory:

Wands
 e - a wand of digging (3)
Potions
 a - 2 potions of mutation {unknown}
 d - a potion of haste

Dungeon Overview and Level Annotations

Branches:
Dungeon (5/15)
 Temple: D:4-7

Altars:
Makhleb


Message History

The hobgoblin hits you.
You barely miss the hobgoblin. You scratch the hobgoblin.
The hobgoblin is heavily wounded.
The hobgoblin barely misses you.
You scratch the hobgoblin.
You kill the hobgoblin!
You start resting.
HP restored.
An adder comes into view.
175 ||| Stepping ~*~*~tactically~*~*~ (stealth).
176 ||| Stepping ~*~*~tactically~*~*~ (stealth).
You see here a hobgoblin corpse.
You now have 7 gold pieces.
a - 2 emerald potions The adder hisses angrily.
The adder completely misses you.
You miss the adder. The adder closely misses you.
You closely miss the adder. The adder bites you.
You are poisoned.
The adder poisons you! The adder completely misses you.
You barely miss the adder.
You feel sick. The adder barely misses you.
You scratch the adder but do no damage. You claw the adder.
The adder is heavily wounded.
You feel sick. The adder barely misses you.
You scratch the adder.
The adder is heavily wounded.
You feel sick. The adder completely misses you.
You miss the adder.
The adder is heavily wounded.
You feel sick. The adder bites you. The adder barely misses you.
You closely miss the adder.
The adder is heavily wounded.
You feel sick. The adder misses you.
You scratch the adder.
The adder is severely wounded.
You die...

#####
##...#####
#.._.....###..
#............
#...@%...###..
###.#S>[....#
#.#.#####.#
#.#.# #.#.#
#.#.. #.######
#......#
########


You could see an adder.

Vanquished Creatures
  2 hobgoblins
2 creatures vanquished.

Notes
Turn   | Place    | Note
-------+----------+-------------------------------------------
     0 | D:5      | qw the Felid Delver began the quest for the Orb.
     0 | D:5      | Reached XP level 1. HP: 10/10 MP: 2/2
     0 | D:5      | 0 ||| qw: Version: 0.1-a-89-g26bdef1
     0 | D:5      | 0 ||| qw: Game counter: 29
     0 | D:5      | 0 ||| qw: Always use a shield: true
     0 | D:5      | 0 ||| qw: God list: Okawaru, Trog
     0 | D:5      | 0 ||| qw: Allow faded altars: false
     0 | D:5      | 0 ||| qw: Do Orc after D:15 true
     0 | D:5      | 0 ||| qw: Do second Lair branch before Depths: true
     0 | D:5      | 0 ||| qw: Lair rune preference: random
     0 | D:5      | 0 ||| qw: Plans: Normal
     0 | D:5      | 0 ||| PLANNING D:1-11
     3 | D:5      | 3 ||| DROPPING scroll of fog.
     4 | D:5      | 4 ||| DROPPING scroll of magic mapping.
     5 | D:5      | 5 ||| DROPPING scroll of fear.
    31 | D:4      | 31 ||| Stepping ~*~*~tactically~*~*~ (stealth).
    32 | D:4      | 32 ||| Stepping ~*~*~tactically~*~*~ (stealth).
    33 | D:4      | 33 ||| Stepping ~*~*~tactically~*~*~ (stealth).
    35 | D:4      | 35 ||| Stepping ~*~*~tactically~*~*~ (stealth).
    38 | D:4      | 38 ||| Stepping ~*~*~tactically~*~*~ (stealth).
    41 | D:4      | 41 ||| Stepping ~*~*~tactically~*~*~ (stealth).
    43 | D:4      | 43 ||| Stepping ~*~*~tactically~*~*~ (stealth).
    46 | D:4      | 46 ||| Stepping ~*~*~tactically~*~*~ (stealth).
    53 | D:3      | Found a burning altar of Makhleb.
   175 | D:3      | 175 ||| Stepping ~*~*~tactically~*~*~ (stealth).
   176 | D:3      | 176 ||| Stepping ~*~*~tactically~*~*~ (stealth).
   209 | D:3      | HP: 2/10 [adder (2)]
   211 | D:3      | Succumbed to an adder's poison

Levels and vault maps discovered:
D:3:      layout_basic, bloody_makhleb, nicolae_overflow_crystal_walls
D:4:      layout_layer_cave, nemelex_dance_club_becter, serial_shops,
          nicolae_shop_trees, minmay_cupped
D:5:      layout_gridville, mainiacjoe_overflow_small_starburst,
          mainiacjoe_overflow_cross_hatched, mainiacjoe_overflow_tiny_flanked,
          nicolae_overflow_squiral, uniq_pikel

Action                   || total
-------------------------++-------
Melee: Unarmed           ||    15
       Punch             ||     1
Armor: Skin              ||     1
Dodge: Dodged            ||    10

Table legend:
 A = Non-vault XP
 B = Vault XP
 C = Vault XP percentage of total XP
 D = Non-vault monster count
 E = Vault monster count
 F = Vault count percentage of total count
                 A         B        C        D         E       F
            +---------+---------+-------+---------+---------+-------
      Total |       4 |       0 |   0.0 |       2 |       0 |   0.0
            +---------+---------+-------+---------+---------+-------
        D:3 |       2 |       0 |   0.0 |       1 |       0 |   0.0
        D:4 |       2 |       0 |   0.0 |       1 |       0 |   0.0
            +---------+---------+-------+---------+---------+-------
